 Dungeon Crawl Stone Soup version 0.26.1-11-gd32895ea62 (webtiles) character file.

Game seed: 8814861732771064382

9 snafub the Scratcher (level 2, -4/14 HPs)
             Began as a Felid Fighter on July 20, 2021.
             Killed from afar by an orc wizard (5 damage)
             ... with a puff of frost
             ... on level 3 of the Dungeon.
             The game lasted 00:04:12 (267 turns).

snafub the Scratcher (Felid Fighter)                 Turns: 267, Time: 00:04:12

Health: -4/14      AC:  1    Str: 12    XL:     2   Next: 3%
Magic:  3/3        EV: 19    Int:  9    God:
Gold:   32         SH:  0    Dex: 15    Spells: 1/1 levels left
                                        Lives:  0   Deaths: 0

rFire    . . .     SeeInvis +     - Unarmed
rCold    . . .     Faith    .   (shield unavailable)
rNeg     . . .     Spirit   .   (armour unavailable)
rPois    .         Reflect  .   (helmet unavailable)
rElec    .         Harm     .   (cloak unavailable)
rCorr    .         Rampage  .   (gloves unavailable)
Will     .....                  (boots unavailable)
Stlth    +.........             (no amulet)
HPRegen  0.04/turn              (no ring)
MPRegen  0.08/turn              (no ring)

@: very slow
A: very small, no armour, no weapons or thrown items, stealth, claws 1, fangs 3,
see invisible, speed 1, shaggy fur 1, sharp paws
a: no special abilities


You were on level 3 of the Dungeon.
You visited 1 branch of the dungeon, and saw 3 of its levels.

You collected 32 gold pieces.

Inventory:

Hand Weapons
 c - a +0 war axe {ok}
Scrolls
 k - a scroll of immolation {unknown}
Potions
 b - a potion of lignification {unknown}


   Skills:
 + Level 3.1 Fighting
 + Level 4.1 Dodging
 + Level 4.3 Unarmed Combat


You had one spell level left.
You didn't know any spells.
Your spell library was empty.

Dungeon Overview and Level Annotations

Branches:
Dungeon (3/15)

Altars:
Dithmenos
Qazlal
Xom


Innate Abilities, Weirdness & Mutations

You cannot wear armour.
You are incapable of wielding weapons or throwing items.
Your paws allow you to move quietly. (Stealth)
You have sharp claws.
You have razor-sharp teeth.
You have supernaturally acute eyesight. (SInv)
You cover ground quickly.
You are covered in fur. (AC +1)
Your sharp claws are effective at attacking unaware monsters.


Message History

Your unstable footing causes you to fumble your attack.
The orc priest misses you.
You barely miss the orc priest. You bite the orc priest.
The orc priest is moderately wounded.
You scratch the orc priest but do no damage.
The orc priest is moderately wounded.
The orc priest misses you.
The orc wizard splashes around in the water.
You scratch the orc priest.
The orc priest is severely wounded.
The orc wizard hits you with a +0 dagger.
The orc priest barely misses you.
The orc wizard points at you and mumbles some strange words.
The puff of frost hits you!
Ouch! That really hurt!
* * * LOW HITPOINT WARNING * * *
The orc wizard splashes around in the water.
The orc wizard casts a spell at you. The puff of frost hits you.
You die...

≈≈≈≈≈≈≈≈≈♣P.....<.......
≈≈≈≈≈≈≈≈≈≈♣###.#.#.####.
≈≈≈≈≈≈≈≈≈♣ .. #.#.# #.
≈≈≈≈≈≈≈≈≈P♣♣#####.#.####.
♣≈≈≈≈≈≈≈≈≈≈≈≈....#.#......
≈≈≈≈≈≈≈≈≈≈≈≈♣..#<#.#####..
≈≈≈≈≈≈≈≈≈≈♣≈♣..#.#........
≈≈≈≈≈≈≈≈≈≈≈≈♣..#.#.#####.#
≈≈≈≈≈≈≈≈≈@♣♣#....#.....#.#
≈≈≈≈≈≈≈≈o≈♣♣#.####.###.#.#
♣≈≈≈≈≈≈ooPP♣#......###.#.#
≈♣≈≈≈o≈P≈♣♣######..##.#.#
≈≈≈≈≈≈≈≈P≈≈# #............
♣≈≈≈≈≈♣≈≈♣♣# #[#.._..#.#.#
.≈≈≈P≈≈≈≈≈ #)...8_...#.#
.≈♣≈≈♣≈≈♣.. #...._....#.#
..≈≈P≈≈♣♣### #.#.......#.#


You could see an orc priest, an orc wizard (fast) and 2 orcs.

Vanquished Creatures
  A leopard gecko (D:2)
  3 goblins (D:1)
  A bat (D:1)
  A frilled lizard (D:1)
  A kobold (D:2)
  A rat (D:1)
8 creatures vanquished.

Vanquished Creatures (others)
  11 plants (D:3)
11 creatures vanquished.

Grand Total: 19 creatures vanquished

Notes
Turn   | Place    | Note
-------+----------+-------------------------------------------
     0 | D:1      | snafub the Felid Fighter began the quest for the Orb.
     0 | D:1      | Reached XP level 1. HP: 10/10 MP: 2/2
   115 | D:1      | You fall into a shaft and drop 1 floor!
   125 | D:2      | Reached XP level 2. HP: 14/14 MP: 3/3
   159 | D:3      | Found a stormy altar of Qazlal.
   160 | D:3      | Found a shimmering altar of Xom.
   170 | D:3      | Found a shadowy altar of Dithmenos.
   267 | D:3      | Killed from afar by an orc wizard

Illustrated notes

Levels and vault maps discovered:
D:1:      lemuel_arrival_room, layout_basic
D:2:      layout_rooms, serial_forest, infiniplex_forest_clump_long,
          infiniplex_forest_clump_long, infiniplex_forest_lined_corner,
          infiniplex_forest_side_room, infiniplex_forest_lined_2,
          infiniplex_forest_straight_3, infiniplex_forest_diagonal,
          infiniplex_forest_lined_2
D:3:      layout_basic, chequers_temple_overflow_statue_of_worship, tgw_trog,
          serial_bayou, serial_bayou_pond_c, serial_bayou_lake_a,
          serial_bayou_crossing, serial_bayou_pond_b, serial_bayou_pond_a,
          serial_bayou_pond_c

Action                   || total
-------------------------++-------
Melee: Unarmed           ||    29
       Bite              ||     2
  Use: Potion            ||     2
       Scroll            ||     1
Armor: Skin              ||     1
Dodge: Dodged            ||    18
